 Dungeon Crawl Stone Soup version 0.31.0-32-g396128a36d (webtiles) character file.

Game seed: 9935358483558344619

1722 Eli the Caller (level 8, -7/48 HPs)
             Began as a Deep Elf Fire Elementalist on Apr 4, 2024.
             Was an Initiate of Vehumet.
             Killed from afar by Maggie (15 damage)
             ... with a bolt of fire
             ... on level 7 of the Dungeon.
             The game lasted 00:57:47 (6543 turns).

Eli the Caller (Deep Elf Fire Elementalist)         Turns: 6543, Time: 00:57:47

Health: -7/48      AC:  6    Str:  9    XL:     8   Next: 75%
Magic:  7/15       EV: 18    Int: 23    God:    Vehumet [......]
Gold:   73         SH:  0    Dex: 18    Spells: 1/14 levels left

rFire   . . .        a - +0 dagger (drain)
rCold   . . .        (no shield)
rNeg    + . .        e - +0 robe
rPois   .            s - +1 helmet
rElec   .            (no cloak)
rCorr   .            (no gloves)
SInv    .            t - +1 pair of boots
Will    .....        l - amulet of the acrobat
Stlth   +++          E - ring "Apaumia" {rN+ EV+5 Str+4 Dex+3 Slay-4}
HPRegen 0.28/turn    (no ring)
MPRegen 0.14/turn

%: acrobat
@: no status effects
A: no striking features
a: Renounce Religion


You were on level 7 of the Dungeon.
You worshipped Vehumet.
Vehumet was noncommittal.
You visited 2 branches of the dungeon, and saw 8 of its levels.

You collected 208 gold pieces.
You spent 135 gold pieces at shops.

Inventory:

Hand Weapons
 a - a +0 dagger of draining (weapon)
 b - a +2 falchion of protection
 f - the +0 short sword of Dullness {vamp, ^Contam rElec Stlth+}
   (You found it on level 2 of the Dungeon)

   rElec:     It insulates you from electricity.
   ^Contam:   It causes magical contamination when unequipped.
   Stlth+:    It makes you more stealthy.
 i - a +0 rapier
 m - a +0 long sword
 n - a +2 mace of holy wrath
 B - a +0 longbow
 F - a +0 short sword
Missiles
 p - 10 poisoned darts
 Z - a throwing net
Armour
 c - a +0 leather armour
 e - a +0 robe (worn)
 q - a +0 scale mail
 s - a +1 helmet (worn)
 t - a +1 pair of boots (worn)
Jewellery
 l - an amulet of the acrobat (around neck)
 E - the ring "Apaumia" (left hand) {rN+ EV+5 Str+4 Dex+3 Slay-4}
   (You found it on level 7 of the Dungeon)

   [ring of evasion]

   EV+5:      It affects your evasion (+5).
   Str+4:     It affects your strength (+4).
   Dex+3:     It affects your dexterity (+3).
   Slay-4:    It affects your accuracy & damage with ranged weapons and melee
   (-4).
   rN+:       It protects you from negative energy.
Talismans
 j - a beast talisman
Wands
 x - a wand of mindburst (10)
 y - a wand of light (8)
 C - a wand of iceblast (8)
Scrolls
 k - 3 scrolls of vulnerability
 r - a scroll of poison
 w - a scroll of fear
Potions
 d - 2 potions of heal wounds
 g - a potion of magic
 h - a potion of might
 o - 2 potions of berserk rage
 u - a potion of lignification
 v - a potion of curing {unknown}
 z - a potion of degeneration {unknown}
 A - a potion of attraction {unknown}
 D - a potion of resistance {unknown}
 G - a potion of mutation {unknown}


   Skills:
 + Level 4.1 Fighting
 - Level 5.0 Short Blades
 - Level 3.0 Dodging
 + Level 3.2 Stealth
 + Level 3.7 Spellcasting
 - Level 5.0 Conjurations
 + Level 5.3 Summonings
 + Level 1.3 Translocations
 + Level 5.2 Fire Magic
 + Level 0.5 Evocations


You had one spell level left.
You knew the following spells:

 Your Spells              Type           Power      Damage    Failure   Level
d - Call Canine Familiar  Summ           28%        N/A       3%          3
g - Apportation           Tloc           20%        N/A       6%          1
h - Scorch                Fire           56%        2d7       1%          2
k - Blink                 Tloc           20%        N/A       10%         2
x - Foxfire               Conj/Fire      100%       2x1d9     1%          1
G - Summon Blazeheart Go  Fire/Summ      28%        N/A       12%         4

Your spell library contained the following spells:

 Spells                   Type           Power      Damage    Failure   Level
 Summon Small Mammal      Summ           100%       N/A       1%          1
 Sting                    Conj/Alch      60%        1d6       3%          1
 Necrotise                Necr           16%        1d4       11%         1
 Momentum Strike          Conj/Tloc      36%        3d9       4%          2
 Volatile Blastmotes      Fire/Tloc      38%        2d13      9%          3
 Lesser Beckoning         Tloc           20%        N/A       10%         2
 Inner Flame              Hex/Fire       16%        N/A       11%         3
 Summon Ice Beast         Ice/Summ       16%        N/A       11%         3
 Hailstorm                Conj/Ice       15%        3d6       12%         3
 Stone Arrow              Conj/Erth      30%        3d8       12%         3
 Flame Wave               Conj/Fire      27%        2d9       13%         4
 Ensorcelled Hibernation  Hex/Ice        8%         N/A       16%         2
 Passwall                 Erth           4%         N/A       32%         3
 Swiftness                Air            4%         N/A       32%         3
 Animate Armour           Summ/Erth      32%        N/A       34%         4
 Starburst                Conj/Fire      13%        6d6       90%         6
 Plasma Beam              Fire/Air       8%         2x1d18    99%         6
 Sculpt Simulacrum        Ice/Alch       2%         N/A       100%        6
 Lehudib's Crystal Spear  Conj/Erth      7%         10d3      100%        8


Dungeon Overview and Level Annotations

Branches:
Dungeon (7/15)             Temple (1/1) D:6

Altars:
Ashenzari
Dithmenos
Gozag
Hepliaklqana
Kikubaaqudgha
Makhleb
Qazlal
Ru
Uskayaw
Vehumet
Xom
Yredelemnul
Zin
The Shining One

Shops:
D:2 :   D:5 ?   D:6 =

Annotations:
D:6 3 runed translucent doors, exclusion: 3 doors, Fractals's ghost, amateur HuWn
D:7 Maggie


Message History

Maggie gestures at you while chanting. The bolt of fire misses you.
Press: ? - help, v - describe, . - travel
Here: Maggie, wielding a +0 long sword and wearing +0 acid dragon scales The floor.
You conjure some foxfire!
Maggie points at you and mumbles some strange words.
The bolt of fire hits you!!
You conjure some foxfire!
A shadow imp comes into view.
The foxfire hits Maggie!
Maggie is lightly wounded.
The foxfire hits Maggie.
Maggie is moderately wounded.
You conjure some foxfire!
The foxfire hits Maggie.
Maggie is moderately wounded.
You conjure some foxfire!
Your foxfire dissipates!
The foxfire hits Maggie.
Maggie is moderately wounded.
Maggie points at you and mumbles some strange words.
The bolt of fire hits you!!
* * * LOW HITPOINT WARNING * * *
The bolt of fire hits your foxfire.
Your foxfire completely resists.
Casting: Foxfire (safe; 1% risk of failure)
Confirm with . or Enter, or press ? or * to list all spells.
You can't see any susceptible monsters within range! (Use Z to cast anyway.)
Casting: Foxfire (safe; 1% risk of failure)
Confirm with . or Enter, or press ? or * to list all spells.
A fiery spirit appears, bound in slag iron.
The foxfire hits Maggie.
Maggie is moderately wounded.
The foxfire hits the shadow imp!
The shadow imp is severely wounded.
Maggie gestures at you while chanting. The bolt of fire hits your foxfire.
Your foxfire completely resists.
The bolt of fire hits you!
You die...

........# ........# #.#.
.. ........# #?.... #
........# #.. .#..
###'#'### ........#
....#.### #.#...#..
........# #.9.#....
........########§#...#..
........'......§@§§5...#
).......#########§#§#...
........# .§§ #########
.v#.. ..@ .# .#.# ..
.... # #...#


You could see Maggie (ally target), a shadow imp and a friendly blazeheart golem
(summoned).

Vanquished Creatures
  Duvessa (D:6)
  2 water moccasins (D:5)
  2 black bears
  2 ogres
  A centaur (D:7)
  A bullfrog (D:6)
  A kobold brigand (D:4)
  2 scorpions
  Dowan (D:6)
  2 howler monkeys (D:7)
  2 bombardier beetles
  A hound (D:5)
  3 jellies
  An orc priest (D:4)
  A sleepcap (D:7)
  A gnoll bouda (D:6)
  3 iguanas
  7 gnolls
  6 adders
  2 white imps
  2 ufetubi (D:6)
  2 dart slugs
  3 ribbon worms
  25 orcs
  3 ball pythons
  11 bats
  6 endoplasms
  3 giant cockroaches
  A goblin (D:1)
  6 hobgoblins
  4 jackals
  3 quokkas
  2 frilled lizards
  6 kobolds
  4 rats
123 creatures vanquished.

Vanquished Creatures (others)
  398 foxfires
398 creatures vanquished.

Grand Total: 521 creatures vanquished

Notes
Turn   | Place    | Note
-------+----------+-------------------------------------------
     0 | D:1      | Eli the Deep Elf Fire Elementalist began the quest for the
                  | Orb.
     0 | D:1      | Reached XP level 1. HP: 10/10 MP: 6/6
   327 | D:1      | Reached XP level 2. HP: 15/15 MP: 5/8
   408 | D:1      | Learned a level 2 spell: Scorch
   958 | D:2      | Reached skill level 1 in Short Blades
   958 | D:2      | Reached XP level 3. HP: 20/20 MP: 3/9
  1189 | D:2      | Identified the +0 short sword of Dullness {vamp, ^Contam
                  | rElec Stlth+}
  1360 | D:2      | Found Ezamaguq's Book Boutique.
  1643 | D:3      | Found a basalt altar of Yredelemnul.
  1850 | D:3      | Reached skill level 1 in Fighting
  1963 | D:3      | Reached XP level 4. HP: 25/25 MP: 4/10
  2131 | D:3      | Learned a level 4 spell: Summon Blazeheart Golem
  2390 | D:4      | Found a stormy altar of Qazlal.
  2518 | D:4      | Reached skill level 1 in Summonings
  2518 | D:4      | Reached XP level 5. HP: 29/29 MP: 7/11
  2565 | D:4      | Noticed a black bear
  2572 | D:4      | Killed a black bear
  2737 | D:4      | Reached XP level 6. HP: 35/35 MP: 1/12
  2912 | D:4      | Found an opulent altar of Gozag.
  3393 | D:4      | Learned a level 3 spell: Call Canine Familiar
  3394 | D:5      | Entered Level 5 of the Dungeon
  3531 | D:5      | Noticed a water moccasin
  3537 | D:5      | Killed a water moccasin
  3538 | D:5      | Reached XP level 7. HP: 40/40 MP: 2/13
  4171 | D:5      | Found Ymaydgh's Magic Scroll Shoppe.
  4179 | D:5      | Bought a scroll of fear for 40 gold pieces
  4179 | D:5      | Bought a scroll of enchant armour for 75 gold pieces
  4575 | D:6      | Found Leczuita's Jewellery Boutique.
  4649 | D:6      | Noticed Duvessa
  4652 | D:6      | Noticed Dowan
  4768 | D:6      | Found a runed translucent gate.
  4769 | D:6      | Found a runed translucent gate.
  4770 | D:6      | Found a runed translucent gate.
  4786 | D:6      | Found a staircase to the Ecumenical Temple.
  4795 | Temple   | Entered the Ecumenical Temple
  4800 | Temple   | Became a worshipper of Vehumet
  4967 | D:6      | Noticed Fractals's ghost (amateur HuWn)
  5019 | D:6      | Killed Duvessa
  5020 | D:6      | Reached skill level 5 in Summonings
  5020 | D:6      | Reached XP level 8. HP: 46/46 MP: 5/14
  5021 | D:6      | Killed Dowan
  5171 | D:6      | Reached skill level 5 in Conjurations
  5171 | D:6      | Reached skill level 5 in Fire Magic
  5697 | D:5      | Bought a scroll of identify for 20 gold pieces
  5969 | D:7      | Learned a level 1 spell: Apportation
  5972 | D:7      | Learned a level 2 spell: Blink
  6100 | D:7      | Identified the ring "Apaumia" {rN+ EV+5 Str+4 Dex+3 Slay-4}
  6265 | D:7      | Reached skill level 5 in Short Blades
  6265 | D:7      | Reached skill level 1 in Translocations
  6537 | D:7      | Noticed Maggie
  6543 | D:7      | Killed from afar by Maggie

Illustrated notes

Levels and vault maps discovered:
D:1:      nagdon_arrival_zigzag_paths, layout_basic
D:2:      layout_loops_corners, serial_shops, nicolae_book_shop_shelving,
          minivault_14, minmay_pentomino_t2
D:3:      layout_loops_ring, mainiacjoe_overflow_catwalk, grunt_ministairs_3
D:4:      minmay_diamond_boxcup, layout_cave_pools,
          nicolae_qazlal_scattered_showers, grunt_gozag_breadcrumbs,
          serial_glass, glass_columns_a, glass_columns_b
D:5:      layout_loops_ring, serial_shops, nicolae_stop_n_shop_2
D:6:      layout_basic, minmay_temple_entry_antechambers, gammafunk_ghost_icy,
          serial_shops, nicolae_shop_getting_attention, interstate_on_off,
          uniq_duvessa
D:7:      layout_basic, corexii_corridor_pit, nicolae_kite_square_tiling_tiny,
          uniq_maggie
Temple:   minmay_freezing_vapour_temple

Skill      XL: |  1  2  3  4  5  6  7  8 |
---------------+-------------------------+-----
Short Blades   | 1 2 3 5 |  5.0
Conjurations   | 2 3 4 5 |  5.0
Dodging        | 3 |  3.0
Stealth        | 3 |  3.2
Fighting       | 1 2 3 4 |  4.1
Summonings     | 1 2 3 5 |  5.3
Fire Magic     | 4 5 |  5.2
Translocations | 1 |  1.3
Spellcasting   | |  3.7
Evocations     | |  0.5

Action                     |  1- 3 |  4- 6 |  7- 9 || total
---------------------------+-------+-------+-------++-------
  Melee: Short sword       |     6 |     4 |     3 ||    13
   Cast: Foxfire           |    57 |    87 |    99 ||   243
         Scorch            |     7 |    13 |    29 ||    49
         Call Canine Famil |       |       |     1 ||     1
         Summon Blazeheart |       |       |     1 ||     1
    Use: Scroll            |     6 |     5 |     4 ||    15
         Potion            |       |     1 |       ||     1
 Armour: Robe              |     6 |     4 |     9 ||    19
  Dodge: Dodged            |    11 |     6 |    21 ||    38
